 Dungeon Crawl Stone Soup version 0.31.0-32-g396128a36d (webtiles) character file.

Game seed: 3678870206210190624

540 AdnanSaban the Cudgeller (level 7, 0/44 HPs)
             Began as a Gargoyle Fighter on Apr 19, 2024.
             Was a Follower of Okawaru.
             Slain by a crocodile (12 damage)
             ... in a sewer.
             The game lasted 00:06:00 (3954 turns).

AdnanSaban the Cudgeller (Gargoyle Fighter)         Turns: 3954, Time: 00:06:01

Health: 0/44       AC: 16    Str: 22    XL:     7   Next: 26%
Magic:  7/7        EV:  8    Int:  8    God:    Okawaru [*.....]
Gold:   168        SH:  9    Dex:  9    Spells: 6/6 levels left

rFire   . . .        a - +0 flail
rCold   + . .        c - +0 buckler
rNeg    + . .        b - +0 chain mail
rPois   ∞            h - +2 hat
rElec   +            (no cloak)
rCorr   .            (no gloves)
SInv    .            (no boots)
Will    .....        v - amulet of reflection Stlth
                     i - ring of protection from cold
HPRegen 0.27/turn    (no ring)
MPRegen 0.10/turn

%: reflection
@: no status effects
A: sickness immunity, AC +4, negative energy resistance 1, electricity
resistance, torment resistance 1, petrification resistance
a: Renounce Religion, Heroism


You were in a sewer.
You worshipped Okawaru.
Okawaru was aware of your devotion.
You visited 1 branch of the dungeon, and saw 5 of its levels.
You also visited: Sewer.

You collected 168 gold pieces.

Inventory:

Hand Weapons
 a - a +0 flail (weapon)
Missiles
 o - 4 poisoned darts (quivered)
 r - a throwing net
Armour
 b - a +0 chain mail (worn)
 c - a +0 buckler (worn)
 h - a +2 hat (worn)
Jewellery
 i - a ring of protection from cold (left hand)
 v - an amulet of reflection (around neck)
Scrolls
 e - a scroll of fear {unknown}
 f - 2 scrolls of revelation {unknown}
 j - 4 scrolls of identify {unknown}
 k - a scroll of teleportation {unknown}
 l - a scroll of fog {unknown}
 s - a scroll of enchant armour {unknown}
 u - a scroll of silence {unknown}
Potions
 d - 2 potions of might
 g - 2 potions of enlightenment {unknown}
 m - 2 potions of heal wounds {unknown}
 n - 3 potions of curing {unknown}
 p - a potion of degeneration {unknown}
 q - 2 potions of brilliance {unknown}
 t - a potion of berserk rage {unknown}


   Skills:
 + Level 4.4 Fighting
 + Level 5.4 Maces & Flails
 + Level 0.1 Throwing
 + Level 5.2 Armour
 + Level 0.4 Dodging
 + Level 4.4 Shields


You had 6 spell levels left.
You didn't know any spells.
Your spell library contained the following spells:

 Spells                   Type           Power      Damage    Failure   Level
 Magic Dart               Conj           0%         1d3       97%         1
 Blink                    Tloc           0%         N/A       99%         2
 Scorch                   Fire           0%         2d5       99%         2
 Flame Wave               Conj/Fire      0%         2d4       100%        4
 Olgreb's Toxic Radiance  Alch           0%         N/A       100%        4
 Ozocubu's Refrigeration  Ice            0%         4d7       100%        7
 Discord                  Hex            0%         N/A       100%        8
 Call Imp                 Summ           Unusable   N/A       N/A         2
 Summon Cactus Giant      Summ           Unusable   N/A       N/A         6

Dungeon Overview and Level Annotations

Branches:
Dungeon (5/15)              Sewer (1/1)
 Temple: D:4-7

Altars:
Ashenzari
Fedhas
Hepliaklqana
Okawaru
Uskayaw

Shops:
D:2 *


Innate Abilities, Weirdness & Mutations

You are immune to sickness and miasma.
Your stone body is resilient. (AC +4)
You are immune to poison.
You resist negative energy. (rN+)
You are resistant to electric shocks. (rElec)
You are resistant to unholy torment.
You are immune to petrification.


Message History

You feel your power leaking away.
The brain worm's throbbing head pulsates.
Something gnaws on your mind!
You feel your power leaking away.
You sock the brain worm!
The brain worm is severely wounded.
The brain worm's throbbing head pulsates.
Something gnaws on your mind!
You feel your power leaking away.
You thump the brain worm!
You kill the brain worm!
Okawaru accepts your kill.
You can now gain great but temporary skills.
You start resting.
Magic restored.
You start resting.
HP restored.
You see here a brain worm corpse.
Found a gate leading back out of this place.
A crocodile comes into view.
Found a dagger and 15 gold pieces.
You see here a potion of haste.
You closely miss the crocodile. You block the crocodile's attack.
You sock the crocodile!
The crocodile is moderately wounded.
The crocodile bites you! The crocodile drags you backwards!
You block the crocodile's attack.
Found a scroll labelled ZOUFUE YQAT, 21 gold pieces and a chain mail.
You hit the crocodile.
The crocodile is heavily wounded.
The crocodile bites you! The crocodile drags you backwards!
You barely miss the crocodile.
The crocodile is heavily wounded.
The crocodile bites you!
* * * LOW HITPOINT WARNING * * *
The crocodile drags you backwards!
You sock the crocodile!
The crocodile is almost dead.
The crocodile bites you!
You die...

####### ##$[?$$##
#..$)$..# #.......#
#.......# #.......#
#...l...# #..@..#
###.### ####### #!#
##.....## #.#
##...≈...#
####.#######...≈≈≈††.
#.....†.......≈≈≈≈≈†∩
####.#######...≈≈≈...
#.# ##...≈...# #.#
##.....##


You could see a crocodile.

Vanquished Creatures
  An ogre (D:4)
  A brain worm (Sewer)
  A scorpion (D:4)
  A hound (D:4)
  A jelly (D:4)
  3 orc priests (D:4)
  An orc wizard (D:3)
  3 gnolls (D:4)
  2 adders
  3 ribbon worms
  5 dart slugs
  7 orcs
  10 bats
  3 endoplasms
  6 giant cockroaches
  9 goblins
  5 hobgoblins
  6 kobolds
  2 quokkas
  11 ball pythons
  6 frilled lizards
  7 rats
94 creatures vanquished.

Notes
Turn   | Place    | Note
-------+----------+-------------------------------------------
     0 | D:1      | AdnanSaban the Gargoyle Fighter began the quest for the
                  | Orb.
     0 | D:1      | Reached XP level 1. HP: 14/14 MP: 1/1
     7 | D:1      | Noticed a killer bee
     7 | D:1      | Noticed a lindwurm
     7 | D:1      | Noticed a polar bear
     8 | D:1      | Noticed a mana viper
     8 | D:1      | Noticed a wyvern
   102 | D:1      | Reached XP level 2. HP: 18/19 MP: 2/2
   403 | D:1      | Reached XP level 3. HP: 21/23 MP: 3/3
   702 | D:2      | Found Corisov's General Store.
  1296 | D:3      | Found a broken altar of Ashenzari.
  1383 | D:3      | Found a hazy altar of Hepliaklqana.
  1390 | D:3      | Reached XP level 4. HP: 17/28 MP: 4/4
  1604 | D:3      | Found a hide-covered altar of Uskayaw.
  1633 | D:3      | Found a blossoming altar of Fedhas.
  1762 | D:3      | Found an iron altar of Okawaru.
  1817 | D:3      | Became a worshipper of Warmaster Okawaru
  2314 | D:4      | Reached XP level 5. HP: 18/33 MP: 5/5
  2727 | D:4      | Reached XP level 6. HP: 38/38 MP: 6/6
  3291 | D:4      | HP: 1/38 [acid (4)]
  3627 | D:4      | Reached skill level 5 in Maces & Flails
  3627 | D:4      | Reached skill level 5 in Armour
  3627 | D:4      | Reached XP level 7. HP: 26/43 MP: 7/7
  3752 | D:5      | Entered Level 5 of the Dungeon
  3754 | D:5      | Found a glowing drain.
  3805 | Sewer    | Entered a sewer
  3848 | Sewer    | Reached * piety under Okawaru
  3954 | Sewer    | Slain by a crocodile

Illustrated notes

Levels and vault maps discovered:
D:1:      onia_arrival_zoo_common, layout_basic
D:2:      layout_basic, serial_shops, shop
D:3:      layout_basic, overflow_temple_1_default, okawaru_gym_becter,
          lemuel_doored_altar, eat_drink_and_be_merry_uskayaw,
          evilmike_ruin_ashenzari, minmay_vboxes
D:4:      layout_basic
D:5:      layout_basic, grunt_gozag_breadcrumbs, portal_sewer_entry_a,
          uniq_sigmund
Sewer:    sewer_big_baddie

Skill      XL: |  1  2  3  4  5  6 |
---------------+-------------------+-----
Maces & Flails | 3 4 5 |  5.4
Armour         | 4 5 |  5.2
Shields        | 4 |  4.4
Fighting       | 4 |  4.4
Throwing       | |  0.1
Dodging        | |  0.4

Action                     |  1- 3 |  4- 6 |  7- 9 || total
---------------------------+-------+-------+-------++-------
  Melee: Flail             |   113 |   156 |    36 ||   305
  Throw: Dart              |       |     3 |     1 ||     4
 Armour: Scale mail        |    22 |       |       ||    22
         Chain mail        |    67 |   120 |    25 ||   212
  Dodge: Dodged            |    30 |    61 |    21 ||   112
  Block: Buckler           |    27 |    29 |    27 ||    83
